3097 views
Uploaded 2019-12-07 17:32:26
Game version 1.32.0.3 / 1.32.0.3.1
16:28 long 2on2 ladder game on (4)TurtleRock
Saved by BEARAND
3097 views
Uploaded 2019-12-07 17:32:26
Game version 1.32.0.3 / 1.32.0.3.1
16:28 long 2on2 ladder game on (4)TurtleRock


66 units @ 8.4k
/ 1.3k
32 buildings @ 5.5k
/ 2.3k


| Wisp | 23 | 1380 | / | 0 |
| Archer | 3 | 390 | / | 30 |
| Huntress | 5 | 975 | / | 100 |
| Dryad | 5 | 725 | / | 300 |
| Druid of the Claw | 5 | 1275 | / | 400 |
| Glaive Thrower | 2 | 420 | / | 130 |
| total: | 43 | 5165g | / | 960w |
| Ancient Protector | 3 | 405 | / | 240 |
| Altar of Elders | 1 | 180 | / | 50 |
| Moon Well | 7 | 1260 | / | 280 |
| Ancient of War | 1 | 150 | / | 60 |
| Hunter's Hall | 1 | 210 | / | 100 |
| Tree of Life | 1 | 340 | / | 185 |
| Ancient of Lore | 2 | 310 | / | 290 |
| Tree of Ages | 2 | 640 | / | 360 |
| Tree of Eternity | 2 | 660 | / | 400 |
| total: | 16 | 2855g | / | 1205w |
| 0:03 | Altar of Elders |
| 0:03 | Moon Well |
| 0:05 | Ancient of War |
| 0:26 | Wisp |
| 0:26 | Wisp |
| 0:42 | Wisp |
| 0:50 | Wisp |
| 1:04 | Wisp |
| 1:12 | Archer |
| 1:20 | Wisp |
| 1:31 | Archer |
| 1:50 | Moon Well |
| 2:01 | Wisp |
| 2:02 | Wisp |
| 2:06 | Force of Nature |
| 2:44 | Hunter's Hall |
| 2:45 | Wisp |
| 2:47 | Archer |
| 3:08 | Moon Well |
| 3:31 | Wisp |
| 3:46 | Huntress |
| 3:52 | Entangling Roots |
| 4:02 | Tree of Ages |
| 4:17 | Moon Well |
| 4:36 | Huntress |
| 4:42 | Strength of the Moon |
| 5:15 | Huntress |
| 5:29 | Huntress |
| 6:23 | Ancient of Lore |
| 6:25 | Moon Well |
| 6:41 | Thorns Aura |
| 6:45 | Huntress |
| 7:23 | Strength of the Wild |
| 7:45 | Dryad |
| 8:07 | Trueshot Aura |
| 8:18 | Dryad |
| 8:19 | Abolish Magic |
| 8:21 | Reinforced Hides |
| 8:28 | Ancient of Lore |
| 8:30 | Moon Well |
| 9:03 | Dryad |
| 9:17 | Druid of the Claw Adept Training |
| 9:22 | Improved Strength of the Wild |
| 9:41 | Tree of Life |
| 9:51 | Wisp |
| 9:51 | Wisp |
| 10:19 | Druid of the Claw Master Training |
| 10:20 | Dryad |
| 10:22 | Wisp |
| 10:22 | Wisp |
| 10:36 | Druid of the Claw |
| 11:23 | Improved Reinforced Hides |
| 11:52 | Druid of the Claw |
| 11:52 | Druid of the Claw |
| 11:54 | Wisp |
| 11:54 | Wisp |
| 11:55 | Wisp |
| 12:16 | Wisp |
| 12:17 | Wisp |
| 12:17 | Wisp |
| 12:46 | Dryad |
| 13:30 | Glaive Thrower |
| 13:30 | Glaive Thrower |
| 13:36 | Wisp |
| 13:36 | Wisp |
| 13:36 | Wisp |
| 13:40 | Moon Well |
| 13:55 | Ancient Protector |
| 14:23 | Ancient Protector |
| 14:26 | Ancient Protector |
| 14:33 | Tree of Eternity |
| 16:03 | Druid of the Claw |
| 16:03 | Druid of the Claw |
| Right click | 834 |
| Select group | 588 |
| Select | 230 |
| Build/train/purchase | 69 |
| Misc. action | 68 |
| Assign group | 32 |
| Use ability | 11 |
| Chat | 7 |
| Minimap ping | 2 |
| Remove unit | 1 |


| Healing Salve | 3 | 300 |
| Scroll of Speed | 1 | 50 |
| Lesser Clarity Potion | 1 | 70 |
| Dust of Appearance | 1 | 75 |
| total: | 6 | 495g |
| Peon | 9 | 675 | / | 0 |
| Grunt | 3 | 600 | / | 0 |
| Raider | 2 | 360 | / | 80 |
| Spirit Walker | 2 | 390 | / | 70 |
| Troll Berserker | 4 | 560 | / | 80 |
| Demolisher | 3 | 660 | / | 150 |
| total: | 23 | 3245g | / | 380w |
| Watch Tower | 3 | 330 | / | 240 |
| Altar of Storms | 1 | 180 | / | 50 |
| Orc Burrow | 6 | 960 | / | 240 |
| Barracks | 1 | 180 | / | 50 |
| Voodoo Lounge | 1 | 130 | / | 30 |
| War Mill | 1 | 205 | / | 0 |
| Great Hall | 1 | 385 | / | 185 |
| Tauren Totem | 1 | 135 | / | 155 |
| Beastiary | 1 | 145 | / | 140 |
| Stronghold | 1 | 315 | / | 190 |
| Fortress | 1 | 325 | / | 190 |
| total: | 16 | 2650g | / | 1090w |
| 0:01 | Peon |
| 0:01 | Peon |
| 0:04 | Altar of Storms |
| 0:17 | Orc Burrow |
| 0:22 | Peon |
| 0:34 | Barracks |
| 0:43 | Peon |
| 0:53 | Peon |
| 1:11 | Peon |
| 1:23 | Voodoo Lounge |
| 1:35 | Grunt |
| 1:51 | Orc Burrow |
| 1:59 | Peon |
| 2:05 | Wind Walk |
| 2:38 | Healing Salve |
| 2:38 | Scroll of Speed |
| 2:57 | Stronghold |
| 3:14 | Grunt |
| 3:20 | Healing Salve |
| 3:39 | Orc Burrow |
| 4:11 | Critical Strike |
| 4:21 | Grunt |
| 5:13 | War Mill |
| 5:30 | Tauren Totem |
| 5:36 | Beastiary |
| 5:54 | Fortress |
| 6:45 | Healing Wave |
| 6:59 | Raider |
| 6:59 | Raider |
| 6:59 | Ensnare |
| 7:01 | Spirit Walker |
| 7:01 | Spirit Walker Adept Training |
| 7:05 | Critical Strike |
| 7:27 | Orc Burrow |
| 8:19 | Berserker Upgrade |
| 8:29 | Dust of Appearance |
| 8:48 | Hex |
| 9:04 | Troll Berserker |
| 9:04 | Troll Berserker |
| 9:04 | Troll Berserker |
| 9:05 | Troll Berserker |
| 9:08 | War Drums Damage Increase |
| 9:11 | Steel Armor |
| 9:20 | Healing Salve |
| 9:27 | Lesser Clarity Potion |
| 9:35 | Spirit Walker |
| 9:57 | Orc Burrow |
| 10:55 | Berserker Strength |
| 11:20 | Watch Tower |
| 11:24 | Watch Tower |
| 11:27 | Watch Tower |
| 11:29 | Demolisher |
| 11:30 | Demolisher |
| 12:18 | Peon |
| 12:19 | Peon |
| 12:57 | Burning Oil |
| 13:31 | Great Hall |
| 13:37 | Demolisher |
| 13:41 | Orc Burrow |
| Right click | 995 |
| Select | 322 |
| Select group | 230 |
| Build/train/purchase | 63 |
| Use ability | 20 |
| Assign group | 15 |
| Chat | 14 |
| Minimap ping | 5 |
| Item give/drop | 2 |
| Remove unit | 2 |
36 units @ 3.4k
/ 0.3k
110 buildings @ 8.1k
/ 4.7k



x1)
| Staff of Sanctuary | 2 | 500 |
| Boots of Speed | 2 | 500 |
| Staff of Teleportation | 2 | 300 |
| Tome of Retraining | 1 | 300 |
| Healing Salve | 1 | 100 |
| total: | 8 | 1700g |
| Peasant | 14 | 1050 | / | 0 |
| Priest | 1 | 135 | / | 10 |
| total: | 15 | 1185g | / | 10w |
| Scout Tower | 58 | 1740 | / | 1160 |
| Arcane Tower | 1 | 70 | / | 50 |
| Guard Tower | 26 | 1820 | / | 1300 |
| Altar of Kings | 1 | 180 | / | 50 |
| Farm | 5 | 400 | / | 100 |
| Lumber Mill | 1 | 120 | / | 0 |
| Arcane Vault | 2 | 260 | / | 60 |
| Town Hall | 1 | 385 | / | 205 |
| Arcane Sanctum | 1 | 150 | / | 140 |
| Keep | 1 | 320 | / | 210 |
| Castle | 1 | 360 | / | 210 |
| total: | 69 | 3235g | / | 1715w |
| 0:01 | Peasant |
| 0:01 | Peasant |
| 0:06 | Altar of Kings |
| 0:12 | Peasant |
| 0:18 | Farm |
| 0:20 | Peasant |
| 0:35 | Farm |
| 0:36 | Peasant |
| 0:48 | Lumber Mill |
| 1:01 | Scout Tower |
| 1:04 | Peasant |
| 1:07 | Peasant |
| 1:25 | Peasant |
| 1:31 | Scout Tower |
| 1:34 | Arcane Tower |
| 1:51 | Peasant |
| 1:53 | Scout Tower |
| 1:53 | Scout Tower |
| 2:00 | Scout Tower |
| 2:01 | Peasant |
| 2:02 | Guard Tower |
| 2:04 | Scout Tower |
| 2:14 | Peasant |
| 2:28 | Guard Tower |
| 2:40 | Summon Water Elemental |
| 2:45 | Peasant |
| 2:46 | Scout Tower |
| 2:47 | Scout Tower |
| 3:10 | Peasant |
| 3:11 | Peasant |
| 3:21 | Guard Tower |
| 3:27 | Keep |
| 3:35 | Guard Tower |
| 3:46 | Boots of Speed |
| 3:46 | Staff of Teleportation |
| 3:55 | Guard Tower |
| 4:01 | Farm |
| 4:38 | Scout Tower |
| 4:38 | Scout Tower |
| 4:44 | Brilliance Aura |
| 5:05 | Scout Tower |
| 5:05 | Scout Tower |
| 5:06 | Scout Tower |
| 5:06 | Scout Tower |
| 5:06 | Scout Tower |
| 5:07 | Scout Tower |
| 5:07 | Scout Tower |
| 5:08 | Scout Tower |
| 5:35 | Healing Salve |
| 5:41 | Guard Tower |
| 5:43 | Improved Masonry |
| 5:59 | Guard Tower |
| 6:39 | Guard Tower |
| 6:41 | Castle |
| 6:57 | Storm Bolt |
| 7:06 | Arcane Sanctum |
| 7:10 | Advanced Masonry |
| 7:35 | Guard Tower |
| 8:00 | Guard Tower |
| 8:29 | Magic Sentry |
| 8:29 | Priest |
| 8:31 | Guard Tower |
| 8:33 | Scout Tower |
| 8:37 | Scout Tower |
| 8:38 | Scout Tower |
| 8:38 | Scout Tower |
| 8:38 | Scout Tower |
| 8:39 | Scout Tower |
| 8:43 | Arcane Vault |
| 9:31 | Farm |
| 9:32 | Farm |
| 10:18 | Scout Tower |
| 10:18 | Scout Tower |
| 10:18 | Scout Tower |
| 10:19 | Scout Tower |
| 10:19 | Scout Tower |
| 10:20 | Scout Tower |
| 10:20 | Scout Tower |
| 10:21 | Scout Tower |
| 10:21 | Scout Tower |
| 10:22 | Scout Tower |
| 10:22 | Scout Tower |
| 10:25 | Tome of Retraining |
| 10:25 | Retrain Hero |
| 10:27 | Blizzard |
| 10:27 | Brilliance Aura |
| 10:57 | Blizzard |
| 11:01 | Bash |
| 11:06 | Holy Light |
| 11:09 | Arcane Vault |
| 11:10 | Guard Tower |
| 11:18 | Guard Tower |
| 11:19 | Guard Tower |
| 11:26 | Guard Tower |
| 12:07 | Guard Tower |
| 12:15 | Staff of Teleportation |
| 12:22 | Guard Tower |
| 12:26 | Scout Tower |
| 12:26 | Scout Tower |
| 12:29 | Scout Tower |
| 12:33 | Scout Tower |
| 12:33 | Scout Tower |
| 12:34 | Scout Tower |
| 12:34 | Scout Tower |
| 12:37 | Guard Tower |
| 12:37 | Guard Tower |
| 12:40 | Imbued Masonry |
| 12:42 | Improved Lumber Harvesting |
| 12:46 | Staff of Sanctuary |
| 12:55 | Guard Tower |
| 13:05 | Guard Tower |
| 13:12 | Scout Tower |
| 13:12 | Scout Tower |
| 13:13 | Scout Tower |
| 13:13 | Scout Tower |
| 13:23 | Scout Tower |
| 13:24 | Scout Tower |
| 13:25 | Scout Tower |
| 13:25 | Scout Tower |
| 13:26 | Scout Tower |
| 13:31 | Guard Tower |
| 14:09 | Town Hall |
| 14:17 | Guard Tower |
| 14:21 | Scout Tower |
| 14:21 | Scout Tower |
| 14:22 | Scout Tower |
| 14:22 | Scout Tower |
| 14:31 | Guard Tower |
| 15:01 | Boots of Speed |
| 15:32 | Scout Tower |
| 15:33 | Scout Tower |
| 15:33 | Scout Tower |
| 15:40 | Guard Tower |
| 16:05 | Staff of Sanctuary |
| Right click | 1512 |
| Select | 375 |
| Select group | 270 |
| Build/train/purchase | 89 |
| Use ability | 29 |
| Misc. action | 13 |
| Assign group | 12 |
| Minimap ping | 3 |
| Item give/drop | 2 |
| Remove unit | 2 |
TIMG4STRok
(16:25) : 

| Healing Salve | 2 | 200 |
| Lesser Clarity Potion | 3 | 210 |
| Orb of Lightning | 1 | 375 |
| Circlet of Nobility | 2 | 350 |
| Staff of Teleportation | 2 | 300 |
| Boots of Speed | 2 | 500 |
| Staff of Sanctuary | 2 | 500 |
| total: | 14 | 2435g |
| Peon | 14 | 1050 | / | 0 |
| Troll Batrider | 7 | 1120 | / | 280 |
| total: | 21 | 2170g | / | 280w |
| Watch Tower | 33 | 3630 | / | 2640 |
| Altar of Storms | 1 | 180 | / | 50 |
| Orc Burrow | 3 | 480 | / | 120 |
| War Mill | 1 | 205 | / | 0 |
| Voodoo Lounge | 2 | 260 | / | 60 |
| Beastiary | 1 | 145 | / | 140 |
| Stronghold | 1 | 315 | / | 190 |
| Fortress | 1 | 325 | / | 190 |
| total: | 41 | 4900g | / | 3010w |
| 0:03 | Peon |
| 0:04 | Peon |
| 0:07 | Altar of Storms |
| 0:17 | Orc Burrow |
| 0:26 | Peon |
| 0:42 | War Mill |
| 0:45 | Peon |
| 0:55 | Peon |
| 1:03 | Peon |
| 1:17 | Voodoo Lounge |
| 1:31 | Orc Burrow |
| 1:38 | Peon |
| 1:54 | Peon |
| 2:02 | Watch Tower |
| 2:06 | Wind Walk |
| 2:09 | Peon |
| 2:13 | Peon |
| 2:21 | Peon |
| 2:31 | Watch Tower |
| 2:39 | Peon |
| 3:01 | Peon |
| 3:01 | Peon |
| 3:33 | Circlet of Nobility |
| 3:40 | Staff of Teleportation |
| 3:40 | Boots of Speed |
| 3:53 | Healing Salve |
| 4:06 | Stronghold |
| 4:34 | Watch Tower |
| 4:34 | Watch Tower |
| 4:36 | Spiked Barricades |
| 5:13 | Voodoo Lounge |
| 5:28 | Watch Tower |
| 5:30 | Watch Tower |
| 5:32 | Lesser Clarity Potion |
| 6:41 | Circlet of Nobility |
| 6:58 | Fortress |
| 7:06 | Lesser Clarity Potion |
| 7:15 | Beastiary |
| 7:45 | Watch Tower |
| 7:45 | Watch Tower |
| 7:59 | Hex |
| 8:09 | Critical Strike |
| 8:25 | Troll Batrider |
| 8:25 | Troll Batrider |
| 8:29 | Watch Tower |
| 8:30 | Watch Tower |
| 8:31 | Watch Tower |
| 8:31 | Watch Tower |
| 8:43 | Lesser Clarity Potion |
| 8:47 | Staff of Teleportation |
| 8:47 | Boots of Speed |
| 9:49 | Liquid Fire |
| 9:49 | Troll Batrider |
| 9:51 | Orc Burrow |
| 9:53 | Watch Tower |
| 9:54 | Watch Tower |
| 9:57 | Watch Tower |
| 9:57 | Watch Tower |
| 10:14 | Orb of Lightning |
| 10:17 | Staff of Sanctuary |
| 10:23 | Improved Spiked Barricades |
| 10:52 | Wind Walk |
| 10:57 | Healing Wave |
| 11:03 | Watch Tower |
| 11:04 | Watch Tower |
| 11:16 | Watch Tower |
| 11:17 | Watch Tower |
| 12:01 | Watch Tower |
| 12:01 | Watch Tower |
| 12:41 | Staff of Sanctuary |
| 12:52 | Watch Tower |
| 12:53 | Watch Tower |
| 12:54 | Watch Tower |
| 13:21 | Troll Batrider |
| 13:30 | Healing Salve |
| 13:43 | Watch Tower |
| 13:44 | Watch Tower |
| 13:45 | Watch Tower |
| 13:54 | Troll Batrider |
| 15:25 | Watch Tower |
| 15:25 | Watch Tower |
| 15:27 | Watch Tower |
| 16:18 | Watch Tower |
| 16:19 | Watch Tower |
| 16:22 | Troll Batrider |
| 16:22 | Troll Batrider |
| Right click | 1481 |
| Select group | 933 |
| Select | 121 |
| Build/train/purchase | 76 |
| Use ability | 31 |
| Item give/drop | 10 |
| Misc. action | 8 |
| Resource trade | 8 |
| Chat | 8 |
| Assign group | 6 |
| Esc | 4 |
| Minimap ping | 1 |